 Dungeon Crawl Stone Soup version 0.25-a0-108-gda8bd6cf83 (console) character file.

Game seed: 17503662336268026220, levelgen mode: deterministic

6 Kagalorn the Caller (level 1, -1/13 HPs)
             Began as a Gnoll Summoner on Nov 18, 2019.
             Slain by a hobgoblin
             ... wielding a cursed -3 club
              (4 damage)
             ... on level 1 of the Dungeon.
             The game lasted 00:00:41 (88 turns).

Kagalorn the Caller (Gnoll Summoner)                  Turns: 88, Time: 00:00:42

Health: -1/13      AC:  2    Str: 10    XL:     1   Next: 90%
Magic:  5/6        EV: 14    Int: 17    God:
Gold:   0          SH:  0    Dex: 15    Spells: 8/9 levels left

rFire    . . .     SeeInvis .   b - +0 short sword
rCold    . . .     Gourm    .   (no shield)
rNeg     . . .     Faith    .   a - +0 robe
rPois    .         Spirit   .   (no helmet)
rElec    .         Reflect  .   (no cloak)
rCorr    .         Harm     .   (no gloves)
MR       .....                  (no boots)
Stlth    +++.......             (no amulet)
HPRegen  0.04/turn              (no ring)
MPRegen  0.10/turn              (no ring)

@: no status effects
A: distributed training, fangs 1, strong nose
a: no special abilities


You were on level 1 of the Dungeon.
You were not hungry.

You visited 1 branch of the dungeon, and saw 1 of its levels.

Inventory:

Hand Weapons
 b - a +0 short sword (weapon)
Armour
 a - a +0 robe (worn)
Potions
 d - a potion of cancellation {unknown}
Comestibles
 c - a ration


   Skills:
 + Level 0.1 Fighting
 + Level 0.1 Short Blades
 + Level 0.1 Long Blades
 + Level 0.1 Axes
 + Level 0.1 Maces & Flails
 + Level 0.1 Polearms
 + Level 0.1 Staves
 + Level 0.1 Slings
 + Level 0.1 Bows
 + Level 0.1 Crossbows
 + Level 0.1 Throwing
 + Level 0.1 Armour
 + Level 4.4 Dodging
 + Level 4.0 Stealth
 + Level 0.1 Shields
 + Level 0.1 Unarmed Combat
 + Level 4.9 Spellcasting
 + Level 0.1 Conjurations
 + Level 0.1 Hexes
 + Level 0.1 Charms
 + Level 7.0 Summonings
 + Level 0.1 Necromancy
 + Level 0.1 Translocations
 + Level 0.1 Transmutations
 + Level 0.1 Fire Magic
 + Level 0.1 Ice Magic
 + Level 0.1 Air Magic
 + Level 0.1 Earth Magic
 + Level 0.1 Poison Magic
 + Level 0.2 Invocations
 + Level 0.1 Evocations


You had 8 spell levels left.
You knew the following spells:

 Your Spells              Type           Power        Failure   Level  Hunger
a - Summon Small Mammal   Summ           ####         1%          1    None

Your spell library contained the following spells:

 Spells                   Type           Power        Failure   Level  Hunger
 Call Imp                 Summ           ####....     1%          2    #......
 Call Canine Familiar     Summ           ####....     2%          3    ###....
 Summon Guardian Golem    Hex/Summ       ###.....     10%         3    ###....
 Summon Ice Beast         Ice/Summ       ###.....     32%         4    ####...
 Summon Lightning Spire   Summ/Air       ###.....     32%         4    ####...


Dungeon Overview and Level Annotations

Branches:
Dungeon (1/15)

Altars:


Innate Abilities, Weirdness & Mutations

Your experience applies equally to all skills.
You have very sharp teeth.
Your uncanny sense of smell can sniff out nearby items.


Message History

You hit the hobgoblin.
The hobgoblin is severely wounded.
Your rat bites the dart slug.
The dart slug barely misses your rat. The hobgoblin misses you.
Your rat bites the dart slug.
You hit the hobgoblin but do no damage.
The hobgoblin is severely wounded.
Your bat hits the hobgoblin.
Your bat hits the hobgoblin but does no damage.
Your rat barely misses the dart slug.
The dart slug launches a dart at your rat.
The slug dart hits your rat.
Your rat dies!
Your rat's corpse disappears in a puff of smoke!
The hobgoblin misses your bat.
You hit the hobgoblin but do no damage.
The hobgoblin is severely wounded.
Your bat hits the hobgoblin but does no damage.
Your rat bites the dart slug but does no damage.
The hobgoblin hits you with a cursed -3 club.
You die...

#......)........#
#...............#
................#
##..............#
#..............### ##
######.#.........##...
##...#...####.......
##..#####.####....=.#
#.#.#####@##.........
#..#.##...g.wr.......
##...###......§...(...
#..#.#####.##b........
###.##....##........####
#....#.##..####.....#
#..#.####....#####..##
∆#.###..# ####.#...#...#
# #..## #.....##..#


You could see a dart slug, a hobgoblin, a friendly bat and a friendly rat.

Vanquished Creatures
  A giant cockroach (D:1)
  A goblin (D:1)
2 creatures vanquished.

Vanquished Creatures (collateral kills)
  A hobgoblin (D:1)
  2 bats (D:1)
  A goblin (D:1)
  A kobold (D:1)
5 creatures vanquished.

Grand Total: 7 creatures vanquished

Notes
Turn   | Place    | Note
-------+----------+-------------------------------------------
     0 | D:1      | Kagalorn the Gnoll Summoner began the quest for the Orb.
     0 | D:1      | Reached XP level 1. HP: 13/13 MP: 6/6
    88 | D:1      | Slain by a hobgoblin

Levels and vault maps discovered:
D:1:      lemuel_arrival_tunnels, layout_rooms

Action                   || total
-------------------------++-------
Melee: Short sword       ||    17
       Bite              ||     3
 Cast: Summon Small Mamm ||     5
Armor: Robe              ||     5
Dodge: Dodged            ||    25

Table legend:
 A = Non-vault XP
 B = Vault XP
 C = Vault XP percentage of total XP
 D = Non-vault monster count
 E = Vault monster count
 F = Vault count percentage of total count
                 A         B        C        D         E       F
            +---------+---------+-------+---------+---------+-------
      Total |       9 |       0 |   0.0 |       7 |       0 |   0.0
            +---------+---------+-------+---------+---------+-------
        D:1 |       9 |       0 |   0.0 |       7 |       0 |   0.0
            +---------+---------+-------+---------+---------+-------
